 Dungeon Crawl Stone Soup version 0.18-b1-14-g029dad2 (webtiles) character file.

1150 esc the Skirmisher (level 8, 0/42 HPs)
             Began as a Vine Stalker Abyssal Knight on Apr 30, 2016.
             Was a Priest of Lugonu.
             Slain by a ynoxinul (9 damage)
             ... summoned by Lugonu's corruption
             ... on level 6 of the Dungeon.
             The game lasted 01:24:18 (5727 turns).

esc the Skirmisher (Vine Stalker Abyssal Knight)    Turns: 5727, Time: 01:24:19

Health: 0/42       AC:  4    Str: 16    XL:     8   Next: 38%
Magic:  0/15       EV: 13    Int: 18    God:    Lugonu [***...]
Gold:   258        SH:  0    Dex: 13    Spells: 1 memorised, 13 levels left

rFire  + . .     SeeInvis .     E - +0 flail
rCold  . . .     Gourm    .     D - +0 robe {rF+}
rNeg   . . .     Faith    .     (no shield)
rPois  .         Spirit   +     t - +1 helmet
rElec  .         Dismiss  .     (no cloak)
rCorr  .         Reflect  .     (no gloves)
SustAt .         Harm     .     (no boots)
MR     +....                    (no amulet)
Stlth  +.........               p - ring of wizardry {Wiz+, !d}
                                g - +4 ring of intelligence

@: somewhat resistant to hostile enchantments, very unstealthy
A: fangs 3, hooves 1, regeneration 2, magic shield, antimagic bite, no device
heal 3, rot immunity
a: Depart the Abyss, Bend Space, Banish, Renounce Religion


You were on level 6 of the Dungeon.
You worshipped Lugonu.
Lugonu was most pleased with you.
You were hungry.

You visited 2 branches of the dungeon, and saw 7 of its levels.
You visited the Abyss 1 time.

You collected 258 gold pieces.

Inventory:

Hand Weapons
 a - a +1 mace
 E - a +0 flail (weapon)
   (You found it on level 4 of the Dungeon)
Missiles
 k - 2 silver tomahawks
 l - 4 tomahawks
 n - 75 stones (quivered)
 s - 4 needles of confusion
Armour
 b - a +1 leather armour
 m - a +1 robe of positive energy
   (You took it off Dowan on level 4 of the Dungeon)
 t - a +1 helmet (worn)
   (You found it on level 4 of the Dungeon)
 D - a +0 robe of fire resistance (worn)
   (You took it off an orc wizard on level 4 of the Dungeon)
Jewellery
 g - a +4 ring of intelligence (left hand)
   (You took it off a goblin on level 1 of the Dungeon)
 p - a ring of wizardry (right hand) {Wiz+, !d}
   (You found it on level 4 of the Dungeon)
Wands
 e - a wand of teleportation (4/9)
   (You found it on level 4 of the Dungeon)
 i - a wand of iceblast (6/15)
   (You found it on level 5 of the Dungeon)
 w - a wand of polymorph (19/24)
   (You found it on level 5 of the Dungeon)
 x - a wand of slowing (29/48)
   (You took it off Blork the orc on level 5 of the Dungeon)
Scrolls
 r - 2 scrolls of amnesia
 u - a scroll of enchant armour
 y - a scroll of teleportation
 B - a scroll of fear
Potions
 f - 2 potions of brilliance
 j - 2 potions of curing
 z - a potion of heal wounds {unknown}
Books
 v - a book of Burglary {@w0}
   (You found it on level 5 of the Dungeon)
 A - a book of Geomancy
   (You found it on level 5 of the Dungeon)
Comestibles
 c - 3 bread rations {@e1}
 d - a meat ration {@e2}
 h - a beef jerky
 o - 9 chunks of flesh {@w0}
 q - 6 fruits


   Skills:
 + Level 4.7 Fighting
 + Level 4.5 Maces & Flails
 - Level 2.7 Armour
 + Level 3.5 Dodging
 + Level 4.2 Spellcasting
 - Level 1.0 Charms
 - Level 1.4 Air Magic
 - Level 1.8 Invocations


You had 13 spell levels left.
You knew the following spells:

 Your Spells              Type           Power        Failure   Level  Hunger
s - Swiftness             Chrm/Air       #.......     6%          2    ##.....


Dungeon Overview and Level Annotations

Branches:
Dungeon (6/15)             Temple (1/1) D:5

Altars:
Dithmenos
Elyvilon
Kikubaaqudgha
Sif Muna
Yredelemnul
The Shining One

Annotations:
D:6 corrupted


Innate Abilities, Weirdness & Mutations

You have razor-sharp teeth.
You heal very quickly.
When hurt, damage is shared between your health and your magic reserves.
Your bite disrupts and absorbs the magic of your enemies.
Potions and wands cannot restore your health.
You are immune to rotting.
You have large cloven feet.


Message History

You closely miss the adder. You kick the adder, but do no damage.
Your bite misses the adder. The adder bites you but does no damage.
You thump the adder! Your kick misses the adder.
You bite the adder, but do no damage. The adder barely misses you.
The adder bites you but does no damage.
You hit the adder.
You kill the adder!
Lugonu accepts your kill.
You barely miss the orc. Your kick misses the orc.
The orc hits you but does no damage.
You thump the orc!
You kill the orc!
Lugonu accepts your kill.
You swing at nothing.
Health restored: 42
Items here: )) [[ †† a short sword; a scale mail; a dagger; a robe; an orc corpse x2
MP restored: 15 You butcher the orc corpse.
o - 8 chunks of flesh {@w0} (gained 3)
Items here: )) [[ ÷ † a short sword; a scale mail; a dagger; a robe; an orc skeleton; an orc corpse You butcher the orc corpse.
o - 9 chunks of flesh {@w0} (gained 1)
Items here: )) [[ ÷ a short sword; a scale mail; a dagger; a robe; an orc skeleton There isn't anything to butcher here.
Your magical contamination has completely faded away.
z - a smoky yellow potion A giant newt comes into view.
Aim: a giant newt (resting)
Okay, then.
The orc priest shouts!
The orc priest shouts!
The orc shouts!
The orc priest miscasts a cantrip.
The orc priest invokes the aid of Beogh against you.
You resist with significant effort.
The orc priest calls down the wrath of Beogh upon you.
Beogh smites you!
The orc priest mumbles some strange prayers to Beogh against you.
Beogh smites you!
You take 21 damage, and have 21/42 hp.
MASSIVE DAMAGE!!
You now have 8/15 mp.
You fail to use your ability.
The orc priest miscasts a cantrip.
The orc barely misses you.
The giant newt bites you but does no damage.
You fail to use your ability.
The orc hits you but does no damage.
The giant newt bites you but does no damage.
The orc priest hits you with a dagger.
Lugonu's Hand of Corruption reaches out!
You are feeling hungry.
You can no longer corrupt the fabric of space.
An iguana comes into view.
The orc priest hits you with a dagger.
* * * LOW HITPOINT WARNING * * *
The orc barely misses you. The giant newt barely misses you.
The orc priest hits you but does no damage.
You take 9 damage, and have 12/42 hp.
MASSIVE DAMAGE!!
You now have 1/15 mp.
You closely miss the orc priest.
You kick the orc priest, but do no damage.
You bite the orc priest. You drain its power.
You feel invigorated.
The thrashing horror closely misses the orc priest. x2
The orc priest hits you with a dagger.
* * * LOW HITPOINT WARNING * * *
The giant newt closely misses you. The orc barely misses you.
The orc priest hits you with a dagger.
* * * LOW HITPOINT WARNING * * *
Something hits the giant newt.
The giant newt dies!
The orc priest barely misses you.
The thrashing horror tramples the orc priest.
The orc priest holds its ground!
The thrashing horror tramples the orc priest.
The orc priest holds its ground!
You take 4 damage, and have 8/42 hp.
You thump the orc priest!
You kill the orc priest!
Lugonu accepts your kill.
The thrashing horror closely misses the orc priest.
The thrashing horror barely misses the orc priest.
The worldbinder hits the iguana. x2
The thrashing horror tramples the orc priest!
The orc priest holds its ground!
The orc priest dies!
The orc barely misses you.
The iguana bites the worldbinder!
The worldbinder calls forth creatures from the Elven Halls!
A starcursed mass splits.
The iguana writhes in pain as voices assail its mind.
You sock the orc!
You kill the orc!
Lugonu accepts your kill.
The worldbinder hits the iguana.
The iguana dies!
The ynoxinul hits you!
You die...

#. ..###.#... .#. #.
........e. ..... ..
.....x..##.... .
#.#.........#..
...#.....5.....
......#4.X...##
....#.x)X.X.....
......##@##...#
.......3...#..# #
......##.##X.5##.##.
.........#..........
#...........#...#..##.
.................#.## .#.#
.###.##...#..#.....(....
....
...............)##.....####.
.###
.......................## #


You could see 2 neutral starcursed masses, a neutral deep elf knight, a neutral
thrashing horror, a neutral large abomination (wandering), a neutral ice devil
(wandering), a neutral worldbinder, a neutral ynoxinul (wandering), a neutral
small abomination (wandering), a neutral iron imp and a neutral crimson imp
(wandering).

Vanquished Creatures
  Duvessa (D:4)
  An ogre (D:3)
  A centaur (D:5)
  Blork the orc (D:5)
  Dowan (D:4)
  A howler monkey (D:5)
  2 orc priests
  8 orc wizards
  A giant frog skeleton (D:6)
  Ijyb (D:3)
  3 worker ants
  A hound skeleton (D:4)
  9 adders
  3 gnolls (D:3)
  A shadow imp (D:5)
  3 oozes
  5 worms
  2 dart slugs (D:2)
  6 giant geckos
  20 orcs
  3 ball pythons
  5 giant cockroaches
  11 goblins
  10 hobgoblins
  4 jackals (D:2)
  5 kobolds
  5 quokkas
  9 bats
  A giant gecko skeleton (D:5)
  4 giant newts
  6 rats
134 creatures vanquished.

Vanquished Creatures (others)
  An orc priest (D:6)
  3 orc wizards
  An iguana (D:6)
  A giant newt (D:6)
6 creatures vanquished.

Grand Total: 140 creatures vanquished

Notes
Turn   | Place    | Note
--------------------------------------------------------------
     0 | Abyss:1  | esc the Vine Stalker Abyssal Knight began the quest for the Orb.
     0 | Abyss:1  | Reached XP level 1. HP: 11/11 MP: 3/3
    27 | D:1      | Escaped the Abyss
   107 | D:1      | Reached skill level 1 in Dodging
   136 | D:1      | Reached skill level 2 in Maces & Flails
   136 | D:1      | Reached XP level 2. HP: 16/16 MP: 4/4
   332 | D:1      | Reached skill level 1 in Spellcasting
   437 | D:2      | HP: 4/16 [giant gecko (4)]
   544 | D:2      | Reached XP level 3. HP: 16/19 MP: 3/5
   551 | D:2      | Reached ** piety under Lugonu
   590 | D:2      | Found a shadowy altar of Dithmenos.
   626 | D:2      | Reached skill level 3 in Fighting
   925 | D:2      | Reached XP level 4. HP: 17/24 MP: 5/7
   929 | D:2      | Reached skill level 2 in Armour
   937 | D:2      | HP: 6/24 [poisoned by an adder]
   943 | D:2      | HP: 6/24 [poisoned by an adder]
   951 | D:2      | HP: 6/24 [poisoned by an adder]
  1515 | D:3      | Found a basalt altar of Yredelemnul.
  1702 | D:3      | Noticed Ijyb
  1791 | D:3      | Reached XP level 5. HP: 24/28 MP: 6/8
  1847 | D:3      | Found a white marble altar of Elyvilon.
  1878 | D:3      | Found a deep blue altar of Sif Muna.
  1956 | D:3      | Reached skill level 2 in Spellcasting
  2034 | D:3      | Reached skill level 2 in Dodging
  2122 | D:3      | Killed Ijyb
  2136 | D:3      | Noticed an ogre
  2227 | D:3      | Reached *** piety under Lugonu
  2235 | D:3      | Gained mutation: You heal very quickly. [Vine Stalker growth]
  2235 | D:3      | Reached XP level 6. HP: 9/32 MP: 2/10
  2482 | D:3      | HP: 12/48 [ogre/giant spiked club (6)]
  2485 | D:3      | Reached skill level 3 in Maces & Flails
  2776 | D:4      | Noticed Duvessa
  3212 | D:4      | Noticed Dowan
  3246 | D:4      | Killed Dowan
  3369 | D:4      | Reached skill level 3 in Spellcasting
  3369 | D:4      | Reached XP level 7. HP: 21/37 MP: 12/12
  3626 | D:5      | Entered Level 5 of the Dungeon
  3626 | D:5      | Found a staircase to the Ecumenical Temple.
  3639 | D:5      | Reached skill level 4 in Fighting
  3649 | D:5      | Learned a level 2 spell: Swiftness
  4001 | D:5      | Found an ancient bone altar of Kikubaaqudgha.
  4033 | D:5      | Reached skill level 1 in Air Magic
  4156 | D:5      | Noticed Blork the orc
  4358 | Temple   | Entered the Ecumenical Temple
  4424 | D:5      | Killed Blork the orc
  4424 | D:5      | Reached skill level 4 in Maces & Flails
  4424 | D:5      | Reached skill level 3 in Dodging
  4424 | D:5      | Reached skill level 1 in Charms
  4428 | D:5      | Reached **** piety under Lugonu
  4845 | D:5      | Gained mutation: You have razor-sharp teeth. [Vine Stalker growth]
  4845 | D:5      | Reached XP level 8. HP: 41/42 MP: 14/14
  5295 | D:4      | Killed Duvessa
  5295 | D:4      | Reached skill level 4 in Spellcasting
  5365 | D:6      | Found a glowing golden altar of the Shining One.
  5399 | D:6      | HP: 5/42 [orc priest/divine providence (11)]
  5515 | D:6      | Gained mutation: You have large cloven feet. [potion of beneficial mutation]
  5724 | D:6      | Corrupted D:6
  5724 | D:6      | Noticed a worldbinder
  5724 | D:6      | Noticed a starcursed mass
  5724 | D:6      | Noticed a thrashing horror
  5724 | D:6      | Noticed a ynoxinul
  5724 | D:6      | Noticed a green very ugly thing
  5724 | D:6      | Noticed a large abomination
  5725 | D:6      | HP: 9/42 [orc priest/dagger (4)]
  5727 | D:6      | Noticed a deep elf knight
  5727 | D:6      | Noticed an ice devil
  5727 | D:6      | Slain by a ynoxinul

Skill      XL: |  1  2  3  4  5  6  7  8 |
---------------+-------------------------+-----
Dodging        | 1 2 3 |  3.5
Maces & Flails | 2 3 4 |  4.5
Spellcasting   | 1 2 3 4 |  4.2
Fighting       | 3 4 |  4.7
Armour         | 2 |  2.7
Air Magic      | 1 |  1.4
Charms         | 1 |  1.0
Invocations    | |  1.8

Action                   |  1- 3 |  4- 6 |  7- 9 || total
-------------------------+-------+-------+-------++-------
Melee: Mace              |    83 |   229 |   149 ||   461
       Bite              |    15 |    59 |    66 ||   140
       Flail             |       |       |    72 ||    72
       Kick              |       |       |    11 ||    11
Throw: Stone             |       |       |     5 ||     5
 Cast: Swiftness         |       |       |     2 ||     2
Invok: Bend Space        |       |     2 |     1 ||     3
       Corrupt           |       |       |     1 ||     1
Evoke: Wand              |       |     1 |     3 ||     4
  Use: Scroll            |     5 |     9 |     4 ||    18
       Potion            |       |     2 |     3 ||     5
 Stab: Sleeping          |     1 |       |       ||     1
  Eat: Chunk             |       |     9 |     8 ||    17
Armor: Leather armour    |    23 |    73 |    53 ||   149
       Skin              |       |     1 |       ||     1
       Robe              |       |       |    21 ||    21
Dodge: Dodged            |    56 |   144 |   157 ||   357

Vault maps used:
D:1:      tarquinn_simple_flora_water_a
D:2:      nicolae_dithmenos_shadow_blocks
D:3:      nicolae_overflow_hidden_temple, elyvilon_altar_1, old_standard_altar,
          serial_bayou, serial_bayou_pond_a, serial_bayou_pond_b,
          serial_bayou_lagoon_b, serial_bayou_pond_b, minivault_23,
          minmay_close_crescents, uniq_iyjb
D:4:      lemuel_coloured_pillars_altar, minmay_goblin_outpost, uniq_natasha,
          uniq_duvessa
D:5:      kiku_gazebo_pond_becter, minmay_temple_entry_junction, first_bread,
          uniq_blork_the_orc
D:6:      nicolae_overflow_crystal_walls, minmay_statues_item, st_stairs_5
Temple:   circular_temple_6

Table legend:
 A = Turns spent in this place as a percentage of turns spent in the entire game.
 B = Non-inter-level travel turns spent in this place as a percentage of non-inter-level travel turns spent in the entire game.
 C = Inter-level travel turns spent in this place as a percentage of turns spent in this place.
 D = Turns resting spent in this place as a percentage of non-inter-level travel turns spent in this place.
 E = Turns spent auto-exploring this place as a percentage of non-inter-level travel turns spent in this place.
 F = Non-inter-level travel turns spent in this place divided by the number of levels of this place that you've seen.
                   A       B       C       D       E      F
               +-------+-------+-------+-------+-------+----------------------
         Total | 100.0 | 100.0 |   1.0 |   1.7 |   5.6 | 272.1
       Dungeon |  98.0 |  98.0 |   1.0 |   1.6 |   5.8 | 355.5
        Temple |   0.6 |   0.6 |   0.0 |  21.4 |   0.0 |  14.0
         Abyss |   1.4 |   1.4 |   0.0 |   0.0 |   0.0 |  30.0
               +-------+-------+-------+-------+-------+----------------------

Table legend:
 A = Kills in this place as a percentage of kills in entire the game.
 B = Kills by you in this place as a percentage of kills by you in the entire game.
 C = Kills by friends in this place as a percentage of kills by friends in the entire game.
 D = Other kills in this place as a percentage of other kills in the entire game.
 E = Experience gained in this place as a percentage of experience gained in the entire game.
 F = Experience gained in this place divided by the number of levels of this place that you have seen.
                   A       B       C       D       E      F
               +-------+-------+-------+-------+-------+----------------------
         Total | 100.0 | 100.0 |  -nan | 100.0 | 100.0 | 205.5
       Dungeon |  99.3 |  99.3 |  -nan | 100.0 |  98.0 | 268.5
        Temple |   0.7 |   0.7 |  -nan |   0.0 |   2.0 |  33.0
               +-------+-------+-------+-------+-------+----------------------
